Map: Hard Lead LE

Players

GusGus

  • Race: Protoss Protoss
  • League: Diamond
  • Spawn Location: 11:00

Djoker - Winner!

  • Race: Terran Terran
  • League: Diamond
  • Spawn Location: 5:00

VOD

Have the link to the VOD?

Description

CTL Season 30

Time

  • Played on: Feb. 16, 2024, 4:56 p.m.
  • Length: 5:45
Show
View Real Time Build Order
Export as new Build Order

GusGus Protoss 

Build Orders: 1 Gate Expand, Colossus Rush 

Get SALT Encoding   

  12  0:01  Probe (Chrono Boost)  
  13  0:10  Probe (Chrono Boost)  
  14  0:17  Pylon  
  14  0:21  Probe  
  15  0:35  Probe  
  16  0:39  Gateway  
  16  0:46  Assimilator  
  16  0:47  Probe  
  17  0:59  Probe  
  18  1:11  Probe (Chrono Boost)  
  19  1:23  Probe (Chrono Boost)  
  20  1:32  Cybernetics Core  
  19  1:36  Nexus, Probe  
  20  1:46  Assimilator  
  20  1:48  Probe  
  20  1:53  Pylon  
  21  2:00  Probe  
  22  2:08  Adept (Chrono Boost)  
  22  2:12  Probe  
  22  2:13  Warp Gate  
  25  2:24  Probe  
  25  2:26  Robotics Facility  
  26  2:36  Probe  
  27  2:49  Probe (Chrono Boost)  
  29  2:53  Probe (Chrono Boost)  
  29  2:54  Pylon  
  30  2:59  Probe (Chrono Boost)  
  30  3:02  Probe (Chrono Boost)  
  30  3:04  Probe (Chrono Boost)  
  31  3:12  Probe  
  33  3:16  Observer (Chrono Boost), Probe  
  35  3:20  Robotics Bay  
  35  3:24  Probe  
  36  3:27  Gateway  
  36  3:28  Probe  
  36  3:29  Observer (Chrono Boost)  
  38  3:37  Probe  
  38  3:39  Assimilator  
  38  3:40  Probe  
  40  3:42  Assimilator  
  40  3:49  Observer (Chrono Boost), Shield Battery, Probe  
  40  3:52  Probe  
  43  4:01  Probe  
  44  4:03  Stalker  
  44  4:04  Probe  
  47  4:13  Probe  
  47  4:14  Colossus (Chrono Boost)  
  47  4:16  Probe  
  54  4:28  Pylon  
  54  4:51  Stalker x2  
  46  5:06  Immortal (Chrono Boost)  
  50  5:08  Probe x2  
  52  5:17  Pylon  
  52  5:19  Pylon  
  52  5:20  Probe x2  
  50  5:32  Stalker, Probe x2  
Show
View Real Time Build Order
Export as new Build Order

Djoker Terran - Winner!

Build Orders: 2 Factory 

Get SALT Encoding   

  12  0:00  SCV  
  13  0:12  SCV  
  14  0:17  Supply Depot  
  14  0:24  SCV  
  15  0:38  SCV  
  15  0:40  Barracks  
  16  0:44  Refinery  
  16  0:51  Refinery  
  16  0:53  SCV  
  17  1:05  SCV  
  18  1:21  SCV  
  19  1:27  Marine  
  19  1:30  Supply Depot  
  20  1:35  Orbital Command  
  20  1:49  Factory  
  20  1:51  Barracks Reactor  
  20  2:03  SCV  
  21  2:11  Factory  
  21  2:16  SCV  
  22  2:29  SCV, Marine x2  
  25  2:32  Factory Tech Lab  
  25  2:42  Supply Depot  
  25  2:47  SCV  
  25  2:49  Marine x2  
  28  2:53  Siege Tank  
  28  2:56  Factory Tech Lab  
  31  3:03  SCV  
  32  3:06  Supply Depot  
  32  3:15  Siege Tank  
  35  3:25  Siege Tank  
  38  3:34  Supply Depot  
  38  3:41  Barracks  
  38  3:52  Siege Tank  
  41  3:57  Marine  
  42  4:16  Marine x2  
  44  4:18  Siege Tank  
  47  4:24  Supply Depot  
  47  4:31  Cyclone  
  47  4:34  Marine  
  50  4:50  Cyclone  
  52  5:00  Marine x2  
  52  5:04  Siege Tank  
  53  5:18  Marine  
Tags
 
Add a new tag
Caveats
  • Supply blocks, unpowered buildings, or Contaminate may cause inaccurate times.
  • Supply counts are checked every 10 seconds.